cohdb
Replays
Latest Replays
All Replays
Popular Replays
Top Player Replays
Match Explorer
How It Works
Community
CoH3 Stats
Reddit
Sign in to upload your games and track your stats! →
Sign in with Steam
Match 45311797
Unlisted
Match 45311797
Overview
Messages
Build Orders
End
Selects Italian Combined Arms Battlegroup
Selects Bersaglieri Squad
Bersaglieri Squad
250 Light Carrier
Bersaglieri Squad
Construct Light Support Kompanie
Selects Bersaglieri Bolster
MG34 Team
2.5-tonne Medical Truck
Fire Support Elements
Flakvierling Half-track
le.IG 18 Mechanized Group
Panzerpioneer Squad
Bersaglieri Squad
Selects Breda Model 30 Light Machine Guns
Construct Panzerarmee Kommand
Selects Semovente da 75/18 Assault Gun
Pak 38 Mechanized Group
瓦剌留学生朱祁镇
GeneralAndy
Abeli
Scary chicken
DanRegi
Euph0ria
Adepta Ministorum
BULEAEGIS
0
0
Comments
sign in to comment!
No comments posted yet!